 Dungeon Crawl Stone Soup version 0.28.0-53-g5a82cb258f (webtiles) character file.

Game seed: 4809593015344283131

28 Kranky the Thrower (level 3, 28/28 HPs)
             Began as a Gnoll Wanderer on June 17, 2022.
             Was a Follower of Kikubaaqudgha.
             Quit the game on level 1 of the Dungeon.
             The game lasted 00:04:47 (1051 turns).

Kranky the Thrower (Gnoll Wanderer)                 Turns: 1051, Time: 00:04:48

Health: 28/28      AC:  5    Str: 14    XL:     3   Next: 12%
Magic:  3/3        EV: 11    Int: 11    God:    Kikubaaqudgha [*.....]
Gold:   59         SH:  0    Dex: 10    Spells: 3/3 levels left

rFire   . . .      SeeInvis .   a - +2 quarterstaff {w1}
rCold   . . .      Faith    .   (shield currently unavailable)
rNeg    . . .      Spirit   .   i - +0 ring mail
rPois   .          Reflect  .   (no helmet)
rElec   .          Harm     .   (no cloak)
rCorr   .          Rampage  .   (no gloves)
Will    .....                   (no boots)
Stlth   +.........              (no amulet)
HPRegen 0.09/turn               (no ring)
MPRegen 0.08/turn               (no ring)

@: no status effects
A: fangs 1, strong nose, distributed training
a: Renounce Religion, Receive Corpses


You were on level 1 of the Dungeon.
You worshipped Kikubaaqudgha.
Kikubaaqudgha was aware of your devotion.
You visited 1 branch of the dungeon, and saw 1 of its levels.

You collected 59 gold pieces.

Inventory:

Hand Weapons
 a - a +2 quarterstaff (weapon) {w1}
 b - a +0 hand crossbow {w2}
 e - a +0 dagger
 k - a +3 dagger
Missiles
 c - 22 bolts
 d - 12 poisoned darts (quivered)
Armour
 i - a +0 ring mail (worn)
Scrolls
 f - a scroll of identify {unknown}
Potions
 g - a potion of cancellation {unknown}
 h - a potion of invisibility {unknown}
 j - a potion of degeneration {unknown}


   Skills:
 + Level 2.5 Fighting
 + Level 0.6 Short Blades
 + Level 0.6 Long Blades
 + Level 0.6 Axes
 + Level 0.6 Maces & Flails
 + Level 0.6 Polearms
 + Level 4.5 Staves
 + Level 0.6 Slings
 + Level 0.6 Bows
 + Level 4.5 Crossbows
 + Level 8.5 Throwing
 + Level 0.6 Armour
 + Level 2.5 Dodging
 + Level 0.6 Stealth
 + Level 0.6 Shields
 + Level 0.6 Unarmed Combat
 + Level 0.6 Spellcasting
 + Level 0.4 Conjurations
 + Level 0.4 Hexes
 + Level 0.4 Summonings
 + Level 0.4 Necromancy
 + Level 0.4 Translocations
 + Level 0.4 Transmutations
 + Level 0.4 Fire Magic
 + Level 0.4 Ice Magic
 + Level 0.4 Air Magic
 + Level 0.4 Earth Magic
 + Level 0.4 Poison Magic
 + Level 0.8 Invocations
 + Level 0.6 Evocations


You had 3 spell levels left.
You didn't know any spells.
Your spell library contained the following spells:

 Spells                   Type           Power      Damage    Failure   Level
 Animate Skeleton         Necr           2%         N/A       50%         1
 Freeze                   Ice            4%         1d3       50%         1
 Pain                     Necr           4%         1d4       50%         1
 Sublimation of Blood     Necr           1%         N/A       65%         2
 Vampiric Draining        Necr           1%         2d6       86%         3


Dungeon Overview and Level Annotations

Branches:
Dungeon (1/15)

Altars:
Kikubaaqudgha


Innate Abilities, Weirdness & Mutations

You have very sharp teeth.
Your uncanny sense of smell can sniff out nearby items.
Your experience applies equally to all skills.


Message History

HP restored.
You now have 39 gold pieces (gained 16).
A bat comes into view.
Found 15 bolts.
The bat barely misses you.
You hit the bat.
You kill the bat!
No target in view!
No target in view!
You now have 41 gold pieces (gained 2).
Found a stone staircase leading down.
You now have 54 gold pieces (gained 13).
You now have 59 gold pieces (gained 5).
An endoplasm comes into view.
The endoplasm quivers.
The endoplasm hits you but does no damage.
You sock the endoplasm!
You kill the endoplasm!
No target in view!
No target in view!
Found a stone staircase leading down.
A bat comes into view.
The bat barely misses you.
You closely miss the bat. The bat hits you.
You hit the bat.
You kill the bat!
You see here a bat corpse.
No target in view!
You see here a quokka skeleton.
You see here 17 stones.
Found a faded altar of an unknown god.
You pick up Plato's Compendium of Snow and begin reading...
You add the spell Freeze to your library.
There is a faded altar of an unknown god here.
You cannot tell which god this altar belongs to.
Convert to them anyway?
Kikubaaqudgha accepts your prayer! Kikubaaqudgha welcomes you!
You can now receive cadavers from Kikubaaqudgha.
Kikubaaqudgha grants you a gift!
You add the spells Animate Skeleton, Pain, Sublimation of Blood and Vampiric Draining to your library.
Are you sure you want to abandon this character and quit the game? (Confirm with "yes".)

########.# #.# #
#........# #.# #
#.^##....# #.# #
#....#P..## #.# #
#.^##.#...# #.# #
#...P#.#..# #.# #
#..##P#.#.#####.#
#
##...#.#P#.......#
# #...@#
#.#..###### #
#....# #.#..# #
#...##.#.#.## #
#.....#.#..# #
#(####...##P#...#
#
#..........#P....
# ...###.^##...###
# #..# #......## #
##.# ###.####
#####


There were no monsters in sight!

Vanquished Creatures
  3 endoplasms (D:1)
  A goblin (D:1)
  4 hobgoblins (D:1)
  4 jackals (D:1)
  3 quokkas (D:1)
  A ball python (D:1)
  3 bats (D:1)
  A frilled lizard (D:1)
  2 kobolds (D:1)
  A rat (D:1)
23 creatures vanquished.

Vanquished Creatures (others)
  3 toadstools (D:1)
3 creatures vanquished.

Grand Total: 26 creatures vanquished

Notes
Turn   | Place    | Note
-------+----------+-------------------------------------------
     0 | D:1      | Kranky the Gnoll Wanderer began the quest for the Orb.
     0 | D:1      | Kranky set off with the following items: a +2 quarterstaff,
                  | a +0 hand crossbow, 23 bolts, 12 poisoned darts, a +0
                  | dagger, a +0 leather armour
     0 | D:1      | Reached XP level 1. HP: 17/17 MP: 1/1
   246 | D:1      | Reached XP level 2. HP: 23/23 MP: 2/2
   738 | D:1      | Reached XP level 3. HP: 17/28 MP: 3/3
  1041 | D:1      | Found a faded altar of an unknown god.
  1049 | D:1      | Got Plato's Compendium of Snow
  1050 | D:1      | Prayed at the altar of an unknown god.
  1050 | D:1      | Became a worshipper of Kikubaaqudgha
  1050 | D:1      | Reached * piety under Kikubaaqudgha
  1050 | D:1      | Received a gift from Kikubaaqudgha
  1051 | D:1      | Quit the game

Illustrated notes

Levels and vault maps discovered:
D:1:      dpeg_arrival_orchard, layout_loops_ring,
          shapermc_ecumenical_altar_rom_forum, grunt_decor_clamped,
          minmay_gold_behind_fungi, minmay_box_of_dots

Action                   || total
-------------------------++-------
Melee: Quarterstaff      ||    53
       Bite              ||     6
 Fire: Hand crossbow     ||     9
Armor: Ring mail         ||    16
Dodge: Dodged            ||    28
